 Dungeon Crawl Stone Soup version 0.21-a0-552-g593960d (webtiles) character file.

55 tidbits the Insei (level 3, 0/28 HPs)
             Began as a Gnoll Transmuter on Dec 17, 2017.
             Slain by an orc
             ... wielding a +0 hand axe
              (5 damage)
             ... on level 4 of the Dungeon.
             The game lasted 00:03:06 (428 turns).

tidbits the Insei (Gnoll Transmuter)                 Turns: 428, Time: 00:03:07

Health: 0/28       AC:  2    Str: 12    XL:     3   Next: 93%
Magic:  6/9        EV: 14    Int: 16    God:
Gold:   51         SH:  4    Dex: 15    Spells: 9/12 levels left

rFire    . . .     SeeInvis .   m - +0 war axe
rCold    . . .     Gourm    .   D - +0 buckler (curse)
rNeg     . . .     Faith    .   b - +0 robe
rPois    .         Spirit   .   (no helmet)
rElec    .         Reflect  .   (no cloak)
rCorr    .         Harm     .   (no gloves)
MR       .....                  (boots currently unavailable)
Stlth    ++........             (no amulet)
HPRegen  0.09/turn              (no ring)
MPRegen  0.11/turn              (no ring)

@: lethally poisoned (0 -> -19), appendage
A: distributed training, fangs 1, talons 3, strong nose
a: End Transformation


You were on level 4 of the Dungeon.
You were not hungry.
You had grown temporary talons.
You visited 1 branch of the dungeon, and saw 4 of its levels.

You collected 51 gold pieces.

Inventory:

Hand Weapons
 m - a +0 war axe (weapon)
Missiles
 a - 40 arrows
 f - 49 stones (quivered)
 l - 7 tomahawks
Armour
 b - a +0 robe (worn)
 g - a cursed +0 ring mail
 D - a cursed +0 buckler (worn)
Scrolls
 e - 2 scrolls of teleportation {unknown}
 i - a scroll of remove curse {unknown}
 k - a scroll of amnesia {unknown}
Potions
 h - a potion of lignification {unknown}
 j - 2 potions of curing {unknown}
Books
 c - a book of Changes

   Spells                             Type                      Level
   a - Beastly Appendage              Transmutation                1
   b - Sticks to Snakes               Transmutation                2
   c - Spider Form                    Transmutation/Poison         3
   d - Ice Form                       Ice/Transmutation            4
   e - Blade Hands                    Transmutation                5
Comestibles
 d - a bread ration


   Skills:
 + Level 2.6 Fighting
 + Level 1.0 Short Blades
 + Level 1.0 Long Blades
 + Level 1.0 Axes
 + Level 1.0 Maces & Flails
 + Level 1.0 Polearms
 + Level 1.0 Staves
 + Level 1.0 Slings
 + Level 1.0 Bows
 + Level 1.0 Crossbows
 + Level 1.0 Throwing
 + Level 1.0 Armour
 + Level 4.6 Dodging
 + Level 1.0 Stealth
 + Level 1.0 Shields
 + Level 6.5 Unarmed Combat
 + Level 5.0 Spellcasting
 + Level 0.7 Conjurations
 + Level 0.7 Hexes
 + Level 0.7 Charms
 + Level 0.7 Summonings
 + Level 0.7 Necromancy
 + Level 0.7 Translocations
 + Level 3.8 Transmutations
 + Level 0.7 Fire Magic
 + Level 0.7 Ice Magic
 + Level 0.7 Air Magic
 + Level 0.7 Earth Magic
 + Level 0.7 Poison Magic
 + Level 1.0 Invocations
 + Level 1.0 Evocations


You had 9 spell levels left.
You knew the following spells:

 Your Spells              Type           Power        Failure   Level  Hunger
e - Beastly Appendage     Tmut           ###...       4%          1    None
k - Sticks to Snakes      Tmut           ###.....     7%          2    #......


Dungeon Overview and Level Annotations

Branches:
Dungeon (4/15)
 Temple: D:4-7

Altars:
Sif Muna
Xom


Innate Abilities, Weirdness & Mutations

Your experience applies equally to all skills.
You have very sharp teeth.
Your uncanny sense of smell can sniff out nearby items.
You have claws for feet.


Message History

Found a shimmering altar of Xom.
A frilled lizard comes into view.
Casting: Beastly Appendage
Confirm with . or Enter, or press ? or * to list all spells.
You grow a pair of large bovine horns.
The frilled lizard hisses angrily.
The frilled lizard bites you but does no damage.
You closely miss the frilled lizard. You headbutt the frilled lizard.
You kill the frilled lizard!
Found a deep blue altar of Sif Muna.
There is an open door here.
Your transformation is almost over.
Your horns disappear.
There is an open door here.
A frilled lizard comes into view.
A frilled lizard is nearby!
The frilled lizard hisses angrily.
Casting: Beastly Appendage
Confirm with . or Enter, or press ? or * to list all spells.
You grow a pair of large bovine horns.
The frilled lizard closely misses you.
You hit the frilled lizard.
You kill the frilled lizard!
Magic restored.
Unknown command.
Your transformation is almost over.
Your horns disappear.
Found a scroll labeled QIG ECLIATAE.
e - 2 scrolls labeled QIG ECLIATAE (gained 1)
There are no items here.
Found 13 arrows.
a - 41 arrows (gained 13)
There are no items here.
Found a scroll labeled JEMOMM OLIL.
Found an escape hatch in the floor.
k - a scroll labeled JEMOMM OLIL
There are no items here.
There is an escape hatch in the floor here.
A ball python comes into view.
Found 7 tomahawks.
A kobold comes into view. It is wielding a dagger.
The kobold shouts!
You see here 7 tomahawks.
l - 7 tomahawks
Casting: Beastly Appendage
Confirm with . or Enter, or press ? or * to list all spells.
You grow a pair of large bovine horns.
You barely miss the kobold. The kobold closely misses you.
You barely miss the kobold. The kobold closely misses you.
You punch the kobold!
You kill the kobold!
Your transformation is almost over.
You see here a dagger.
There is an escape hatch in the floor here.
You slide downwards.
The hatch slams shut behind you.
Found a war axe.
Your horns disappear.
You see here a war axe.
m - a war axe Wield which item (- for none, * to show all)? (? for menu, Esc to quit)
m - a +0 war axe (weapon)
Found a scroll labeled FAXKUS VAIHIO.
An orc comes into view. It is wielding a hand axe.
Found a stone staircase leading down.
A scorpion comes into view.
Found a bread ration and 8 poisoned needles.
Casting: Beastly Appendage
Confirm with . or Enter, or press ? or * to list all spells.
Your feet morph into talons.
You barely miss the scorpion. You barely miss the orc.
The scorpion barely misses you. The orc hits you with a hand axe.
Casting: Beastly Appendage
Confirm with . or Enter, or press ? or * to list all spells.
You create a snake!
You now have 40 arrows.
The scorpion stings you.
You are poisoned.
The scorpion poisons you! The orc closely misses you.
You hit the scorpion.
The scorpion is moderately wounded.
You hit the orc.
You feel sick.
The scorpion stings you but does no damage.
The orc hits you but does no damage.
Your ball python closely misses the scorpion. x2
The scorpion stings you!
* * * LOW HITPOINT WARNING * * *
You are lethally poisoned!
The scorpion poisons you! The orc hits you with a hand axe.
* * * LOW HITPOINT WARNING * * *
You hit the scorpion. Your kick misses the scorpion.
The scorpion is heavily wounded.
You barely miss the orc.
* * * LOW HITPOINT WARNING * * *
You feel very sick.
Your ball python bites the scorpion.
Your ball python barely misses the scorpion.
The scorpion completely misses you.
Your ball python closely misses the scorpion.
Your ball python grabs the scorpion.
Your ball python constricts the scorpion.
The orc hits you with a hand axe.
You die...

#.# #.# ##
#.## . ... #.
#. #.#
##>.#.##.#
#.....?..##
#.....o@..##
#.....s.#..#
#.....S.##.##
#.......##..##
#......%###..#
#(......# ##.#
#.......# ###
#########


You could see a scorpion, an orc and a friendly ball python.

Vanquished Creatures
  An orc wizard (D:3)
  A dart slug (D:2)
  3 orcs (D:3)
  3 bats
  A giant cockroach (D:3)
  2 hobgoblins
  5 jackals
  2 frilled lizards (D:3)
  3 kobolds
21 creatures vanquished.

Vanquished Creatures (collateral kills)
  An orc (D:3)
  A hobgoblin (D:3)
2 creatures vanquished.

Grand Total: 23 creatures vanquished

Notes
Turn   | Place    | Note
-------+----------+-------------------------------------------
     0 | D:1      | tidbits the Gnoll Transmuter began the quest for the Orb.
     0 | D:1      | Reached XP level 1. HP: 17/17 MP: 6/6
    39 | D:2      | Reached XP level 2. HP: 16/23 MP: 5/7
    48 | D:2      | Learned a level 2 spell: Sticks to Snakes
   191 | D:3      | Reached skill level 5 in Spellcasting
   191 | D:3      | Reached skill level 1 in Invocations
   191 | D:3      | Reached XP level 3. HP: 23/28 MP: 6/9
   215 | D:3      | Reached skill level 1 in Short Blades
   215 | D:3      | Reached skill level 1 in Long Blades
   215 | D:3      | Reached skill level 1 in Axes
   215 | D:3      | Reached skill level 1 in Maces & Flails
   215 | D:3      | Reached skill level 1 in Polearms
   215 | D:3      | Reached skill level 1 in Staves
   215 | D:3      | Reached skill level 1 in Slings
   215 | D:3      | Reached skill level 1 in Bows
   215 | D:3      | Reached skill level 1 in Crossbows
   215 | D:3      | Reached skill level 1 in Throwing
   215 | D:3      | Reached skill level 1 in Armour
   215 | D:3      | Reached skill level 1 in Stealth
   215 | D:3      | Reached skill level 1 in Shields
   215 | D:3      | Reached skill level 1 in Evocations
   257 | D:3      | Found a shimmering altar of Xom.
   268 | D:3      | Found a deep blue altar of Sif Muna.
   422 | D:4      | Noticed a scorpion
   428 | D:4      | Slain by an orc

Vault maps used:
D:1:      scummos_arrival_star
D:2:      hangedman_decor_points, minmay_splitting_lines,
          minmay_misc_feat_square
D:3:      minitemple, fedhas_altar_3, uniq_jessica, uniq_terence
D:4:      first_bread

Skill      XL: |  1  2  3 |
---------------+----------+-----
Spellcasting   | 5 |  5.0
Invocations    | 1 |  1.0
Short Blades   | 1 |  1.0
Long Blades    | 1 |  1.0
Axes           | 1 |  1.0
Maces & Flails | 1 |  1.0
Polearms       | 1 |  1.0
Staves         | 1 |  1.0
Slings         | 1 |  1.0
Bows           | 1 |  1.0
Crossbows      | 1 |  1.0
Throwing       | 1 |  1.0
Armour         | 1 |  1.0
Stealth        | 1 |  1.0
Shields        | 1 |  1.0
Evocations     | 1 |  1.0
Fighting       | |  2.6
Dodging        | |  4.6
Unarmed Combat | |  6.5
Conjurations   | |  0.7
Hexes          | |  0.7
Charms         | |  0.7
Summonings     | |  0.7
Necromancy     | |  0.7
Translocations | |  0.7
Transmutations | |  3.8
Fire Magic     | |  0.7
Ice Magic      | |  0.7
Air Magic      | |  0.7
Earth Magic    | |  0.7
Poison Magic   | |  0.7

Action                   || total
-------------------------++-------
Melee: Unarmed           ||    56
       Kick              ||     9
       Bite              ||     5
       Punch             ||     2
       War axe           ||     3
       Headbutt          ||     1
 Cast: Beastly Appendage ||    12
       Sticks to Snakes  ||     4
Armor: Robe              ||    11
Dodge: Dodged            ||    53
Block: Buckler           ||    10

Table legend:
 A = Spawn XP
 B = Non-spawn XP
 C = Spawn XP percentage of total XP
 D = Spawn monster count
 E = Non-spawn monster count
 F = Spawn count percentage of total count
 G = Total turns spent on level
                    A         B        C        D         E        F      G
               +---------+---------+-------+---------+---------+-------+---------
         Total |       0 |      79 |   0.0 |       0 |      23 |   0.0 |   428
               +---------+---------+-------+---------+---------+-------+---------
           D:1 |       0 |       5 |   0.0 |       0 |       3 |   0.0 |    65
           D:2 |       0 |      15 |   0.0 |       0 |       7 |   0.0 |    52
           D:3 |       0 |      59 |   0.0 |       0 |      13 |   0.0 |   296
               +---------+---------+-------+---------+---------+-------+---------

Table legend:
 A = Turns spent in this place as a percentage of turns spent in the entire game.
 B = Non-inter-level travel turns spent in this place as a percentage of non-inter-level travel turns spent in the entire game.
 C = Inter-level travel turns spent in this place as a percentage of turns spent in this place.
 D = Turns resting spent in this place as a percentage of non-inter-level travel turns spent in this place.
 E = Turns spent auto-exploring this place as a percentage of non-inter-level travel turns spent in this place.
 F = Non-inter-level travel turns spent in this place divided by the number of levels of this place that you've seen.
                   A       B       C       D       E      F
               +-------+-------+-------+-------+-------+----------------------
         Total | 100.0 | 100.0 |   0.0 |   0.0 |   0.0 | 107.0
       Dungeon | 100.0 | 100.0 |   0.0 |   0.0 |   0.0 | 107.0
               +-------+-------+-------+-------+-------+----------------------

Table legend:
 A = Kills in this place as a percentage of kills in entire the game.
 B = Kills by you in this place as a percentage of kills by you in the entire game.
 C = Kills by friends in this place as a percentage of kills by friends in the entire game.
 D = Other kills in this place as a percentage of other kills in the entire game.
 E = Experience gained in this place as a percentage of experience gained in the entire game.
 F = Experience gained in this place divided by the number of levels of this place that you have seen.
                   A       B       C       D       E      F
               +-------+-------+-------+-------+-------+----------------------
         Total | 100.0 | 100.0 | 100.0 |   N/A | 100.0 |  19.8
       Dungeon | 100.0 | 100.0 | 100.0 |   N/A | 100.0 |  19.8
               +-------+-------+-------+-------+-------+----------------------

Vault maps used:
D:1:      scummos_arrival_star
D:2:      hangedman_decor_points, minmay_splitting_lines,
          minmay_misc_feat_square
D:3:      minitemple, fedhas_altar_3, uniq_jessica, uniq_terence
D:4:      first_bread
